 Dungeon Crawl Stone Soup version 0.31-a0-984-gbfb7dba898 (webtiles) character file.

Game seed: 17206371783435972295

454 Gargoyl the Chopper (level 7, -5/44 HPs)
             Began as a Gargoyle Berserker on Nov 3, 2023.
             Was a Priest of Trog.
             Slain by an orc priest
             ... wielding a +0 war axe
              (8 damage)
             ... on level 5 of the Dungeon.
             The game lasted 00:05:29 (2633 turns).

Gargoyl the Chopper (Gargoyle Berserker)            Turns: 2633, Time: 00:05:29

Health: -5/44      AC: 17    Str: 21    XL:     7   Next: 5%
Magic:  7/7        EV:  6    Int: 13    God:    Trog [***...]
Gold:   191        SH:  0    Dex: 11    Spells: 6/6 levels left

rFire   . . .        a - +0 hand axe
rCold   . . .        (no shield)
rNeg    + + .        m - +0 plate armour
rPois   ∞            c - +0 helmet
rElec   +            (no cloak)
rCorr   .            (no gloves)
SInv    .            (no boots)
Will    ++...        p - amulet of magic regeneration Stlth
                     e - ring of positive energy
HPRegen 1.27/turn    g - +6 ring of intelligence
MPRegen 0.50/turn

%: no passive effects
@: strong-willed (expiring), on berserk cooldown, regenerating (expiring),
slowed, very slow
A: sickness immunity, AC +4, negative energy resistance 1, electricity
resistance, torment resistance 1, petrification resistance
a: Renounce Religion, Berserk, Trog's Hand


You were on level 5 of the Dungeon.
You worshipped Trog.
Trog was most pleased with you.
You visited 1 branch of the dungeon, and saw 5 of its levels.

You collected 191 gold pieces.

Inventory:

Hand Weapons
 a - a +0 hand axe (weapon)
 v - a +1 spear of flaming
Missiles
 b - 15 poisoned darts (quivered)
Armour
 c - a +0 helmet (worn)
 m - a +0 plate armour (worn)
Jewellery
 e - a ring of positive energy (left hand)
 g - a +6 ring of intelligence (right hand)
 p - an amulet of magic regeneration (around neck)
Wands
 q - a wand of light (10)
 u - a wand of flame (12)
Scrolls
 i - 5 scrolls of identify
 l - a scroll of enchant armour
 n - a scroll of butterflies {unknown}
 o - a scroll of enchant weapon {unknown}
 r - a scroll of fear {unknown}
 w - a scroll of brand weapon {unknown}
 y - a scroll of revelation {unknown}
Potions
 d - 2 potions of brilliance {unknown}
 f - 2 potions of berserk rage
 h - 2 potions of heal wounds {unknown}
 j - a potion of cancellation {unknown}
 k - a potion of lignification {unknown}
 s - a potion of curing {unknown}
 t - a potion of degeneration {unknown}
 x - a potion of magic {unknown}


   Skills:
 + Level 4.6 Fighting
 + Level 5.5 Axes
 + Level 3.9 Armour
 + Level 2.2 Dodging
 + Level 0.3 Stealth


You had 6 spell levels left.
You didn't know any spells.
Your spell library was empty.

Dungeon Overview and Level Annotations

Branches:
Dungeon (5/15)             Temple (0/1) D:5

Altars:
Gozag
Hepliaklqana


Innate Abilities, Weirdness & Mutations

You are immune to sickness and miasma.
Your stone body is resilient. (AC +4)
You are immune to poison.
You resist negative energy. (rN+)
You are resistant to electric shocks. (rElec)
You are resistant to unholy torment.
You are immune to petrification.


Message History

Unknown command.
You hit the orc wizard but do no damage.
You hit the orc priest but do no damage.
The orc priest hits you with a +0 war axe.
* * * LOW HITPOINT WARNING * * *
The orc wizard hits you but does no damage.
A kobold comes into view. It is wielding a +0 club.
Unknown command.
The kobold shouts!
You hit the orc priest.
The orc priest is moderately wounded.
You hit the orc wizard.
You feel the effects of Trog's Hand fading.
You hear a bark!
You hear a shout! x3
The orc priest barely misses you.
The orc wizard hits you but does no damage.
A hound comes into view.
The orc wizard points at you and mumbles some strange words.
The magic dart hits you but does no damage.
The orc priest hits you but does no damage.
You closely miss the orc priest.
The orc priest is moderately wounded.
You barely miss the orc wizard.
The orc priest hits you but does no damage.
The orc wizard barely misses you.
Unknown command.
You hit the orc priest but do no damage.
The orc priest is moderately wounded.
You hit the orc wizard but do no damage.
A kobold comes into view. It is wielding a +0 dagger.
The orc priest hits you but does no damage.
The orc wizard hits you but does no damage. x2
The orc priest mumbles some strange prayers to Beogh against you.
Beogh smites you!
* * * LOW HITPOINT WARNING * * *
The kobold moves out of view.
It was a potion of berserk rage.
You're still recovering from your berserk rage.
The orc priest hits you with a +0 war axe!
You die...

#.# .. #. .# #
####.#.## . #....
..#. .Kh.K..
.###...###.#.###oo.#
..#.....#.#.##.@#
#.#.........#..##
#<#.........#.##
#.#.........#.#
#.#...........###
#.#..)...#......#
#.#.........###.#
##.........#..##.#
.....########..#.#


You could see a hound, an orc priest, an orc wizard and 2 kobolds.

Vanquished Creatures
  An ice beast (D:5)
  An ogre (D:5)
  An iguana (D:4)
  3 orc wizards
  Robin (D:4)
  7 adders
  A white imp (D:5)
  A worm (D:2)
  2 dart slugs (D:4)
  7 orcs
  11 endoplasms
  2 giant cockroaches
  12 goblins
  8 hobgoblins
  13 jackals
  5 kobolds
  3 quokkas
  5 ball pythons
  3 bats
  A frilled lizard (D:1)
  8 rats
96 creatures vanquished.

Notes
Turn   | Place    | Note
-------+----------+-------------------------------------------
     0 | D:1      | Gargoyl the Gargoyle Berserker began the quest for the Orb.
     0 | D:1      | Reached XP level 1. HP: 14/14 MP: 1/1
   130 | D:1      | Reached XP level 2. HP: 15/19 MP: 2/2
   351 | D:1      | Reached skill level 3 in Axes
   434 | D:1      | Reached XP level 3. HP: 22/23 MP: 3/3
   593 | D:1      | Reached ** piety under Trog
   877 | D:2      | Found a faded altar of an unknown god.
  1134 | D:2      | Reached XP level 4. HP: 29/29 MP: 4/4
  1140 | D:2      | Reached skill level 4 in Axes
  1623 | D:3      | Reached XP level 5. HP: 33/33 MP: 5/5
  2066 | D:4      | Noticed Robin
  2073 | D:4      | Reached *** piety under Trog
  2082 | D:4      | Killed Robin
  2321 | D:4      | Reached XP level 6. HP: 39/39 MP: 6/6
  2454 | D:5      | Entered Level 5 of the Dungeon
  2469 | D:5      | Reached skill level 5 in Axes
  2501 | D:5      | Found a staircase to the Ecumenical Temple.
  2554 | D:5      | Found an opulent altar of Gozag.
  2555 | D:5      | Found a hazy altar of Hepliaklqana.
  2611 | D:5      | Noticed an ice beast
  2625 | D:5      | Killed an ice beast
  2626 | D:5      | Reached XP level 7. HP: 13/44 MP: 7/7
  2632 | D:5      | HP: 1/44 [orc priest/divine providence (14)]
  2633 | D:5      | Slain by an orc priest

Illustrated notes

Levels and vault maps discovered:
D:1:      roderic_dead_forest, layout_loops_ring
D:2:      layout_rooms, nicolae_ecumenical_lake_church, solitary_fountain,
          kennysheep_generic_room_8
D:3:      layout_basic
D:4:      layout_rooms, uniq_robin
D:5:      cheibrodos_thug_alley, layout_rooms, mainiacjoe_overflow_divided_tiny,
          temple_green, bh_walls_and_bars, uniq_blork_the_orc,
          uniq_prince_ribbit1

Skill      XL: |  1  2  3  4  5  6 |
---------------+-------------------+-----
Axes           | 3 4 5 |  5.5
Dodging        | 2 |  2.2
Fighting       | 4 |  4.6
Armour         | 3 |  3.9
Stealth        | |  0.3

Action                     |  1- 3 |  4- 6 |  7- 9 || total
---------------------------+-------+-------+-------++-------
  Melee: Hand axe          |   108 |   137 |     5 ||   250
         Punch             |     1 |     2 |       ||     3
 Invoke: Berserk           |     3 |     5 |       ||     8
         Trog's Hand       |       |       |     1 ||     1
    Use: Scroll            |       |     1 |       ||     1
         Potion            |       |       |     1 ||     1
   Stab: Sleeping          |     1 |       |       ||     1
 Armour: Animal skin       |    57 |       |       ||    57
         Scale mail        |    26 |     8 |       ||    34
         Plate armour      |       |   137 |    14 ||   151
  Dodge: Dodged            |   109 |    44 |     2 ||   155

Table legend: (Time is in decaauts)
 A = Elapsed time spent in this place.
 B = Non-inter-level travel time spent in this place.
 C = Inter-level travel time spent in this place.
 D = Time resting spent in this place.
 E = Time spent auto-exploring this place.
 F = Levels seen in this place.
 G = Mean time per level.
                   A        B        C        D        E       F      G
               +--------+--------+--------+--------+--------+-----+--------+
         Total |   2708 |   2635 |     73 |     69 |   1796 |   5 |  541.6 |
       Dungeon |   2708 |   2635 |     73 |     69 |   1796 |   5 |  541.6 |
               +--------+--------+--------+--------+--------+-----+--------+

Top non-repeatable levels by time:
     D:1: 879 daAuts
     D:2: 635 daAuts
     D:4: 574 daAuts
     D:3: 433 daAuts
     D:5: 186 daAuts
